cohdb
Replays
Latest Replays
All Replays
Popular Replays
Top Player Replays
Match Explorer
How It Works
Community
CoH3 Stats
Reddit
Sign in to upload your games and track your stats! →
Sign in with Steam
Match 29387566
Unlisted
Match 29387566
Overview
Messages
Build Orders
End
Construct Barracks
Selects Advanced Infantry Battlegroup
Riflemen Squad
Riflemen Squad
1⁄4-ton 4x4 Truck
Infantry Support Center
Riflemen Squad
Construct Motor Pool
Selects Convert to Ranger Squad
M1 Anti-tank Gun Team
Grenade Package
Selects Ammunition Storage
Riflemen Squad
Construct Medical Station
M1918 Browning Automatic Rifles
Selects M2A1 105mm Howitzer Emplacement
Captain Retinue
M1 Anti-tank Gun Team
Riflemen Squad
Construct Tank Depot
Selects Designate Assault Position
Riflemen Squad
Selects Ranger Weapon Training
Convert to Ranger Squad
M4(105) Sherman Bulldozer
Munitions Surplus
Engineer Squad
M18 Hellcat Tank Destroyer
Engineer Squad
Sestrum
^3
0
0
Comments
sign in to comment!
No comments posted yet!